 Dungeon Crawl Stone Soup version 0.20.1-1-g8b1a95d (webtiles) character file.

175 grizmgrazm2 the Sneak (level 5, -2/36 HPs)
             Began as a Vampire Enchanter on Sept 25, 2017.
             Slain by Totori's ghost (14 damage)
             ... on level 3 of the Dungeon.
             The game lasted 00:07:47 (3332 turns).

grizmgrazm2 the Sneak (Vampire Enchanter)           Turns: 3332, Time: 00:07:47

Health: -2/36      AC:  5    Str:  7    XL:     5   Next: 29%
Magic:  4/9        EV: 12    Int: 19    God:
Gold:   122        SH:  0    Dex: 14    Spells: 1/10 levels left

rFire    . . .     SeeInvis +   a - +1 dagger
rCold    + + .     Gourm    .   (no shield)
rNeg     + + +     Faith    .   b - +2 robe
rPois    ∞         Spirit   .   (no helmet)
rElec    .         Reflect  .   (no cloak)
rCorr    .         Harm     .   m - +0 pair of gloves
MR       .....                  (no boots)
Stlth    +++++.....             (no amulet)
Regen    0.0/turn               (no ring)
MPRegen  0.2/turn               (no ring)

@: bloodless, non-regenerating, heavily drained
A: fangs 3, see invisible, unbreathing
a: Bat Form


You were on level 3 of the Dungeon.
You were bloodless.

You visited 1 branch of the dungeon, and saw 3 of its levels.

You collected 122 gold pieces.

Inventory:

Hand Weapons
 a - a +1 dagger (weapon)
Armour
 b - a +2 robe (worn)
 m - a +0 pair of gloves (worn)
Wands
 h - a wand of random effects (22/48)
 i - a wand of flame (48/48)
Scrolls
 k - a scroll of remove curse
 p - a scroll of blinking
Potions
 d - 10 potions of blood
 g - 2 potions of curing
 j - a potion of resistance {unknown}
 l - a potion of agility {unknown}
 n - a potion of flight {unknown}
 o - a potion of mutation {unknown}
Books
 c - a book of Maledictions

   Spells                             Type                      Level
   a - Corona                         Hexes                        1
   b - Ensorcelled Hibernation        Hexes/Ice                    2
   c - Confuse                        Hexes                        3
   d - Tukima's Dance                 Hexes                        3
   e - Dazzling Spray                 Conjuration/Hexes            3


   Skills:
 + Level 0.6(0.0) Fighting
 + Level 2.1(1.0) Short Blades
 + Level 2.6(1.4) Dodging
 + Level 6.2(4.8) Stealth
 + Level 3.0(1.7) Spellcasting
 + Level 5.4(4.1) Hexes
 + Level 0.8(0.0) Ice Magic


You had one spell level left.
You knew the following spells:

 Your Spells              Type           Power        Failure   Level  Hunger
a - Ensorcelled Hibernat  Hex/Ice        #.....       11%         2    ###....
b - Confuse               Hex            ###.....     10%         3    ###....
c - Tukima's Dance        Hex            ###.....     10%         3    ###....
d - Corona                Hex            ###....      3%          1    #......


Dungeon Overview and Level Annotations

Branches:
Dungeon (3/15)

Altars:
Fedhas

Annotations:
D:3 Totori's ghost, amateur HOFi


Innate Abilities, Weirdness & Mutations

You do not heal naturally.
You are immune to poison.
You have razor-sharp teeth.
You have supernaturally acute eyesight. (SInv)
You can survive without breathing.


Message History

Totori's ghost closely misses you.
You hit Totori's ghost.
Totori's ghost is lightly damaged.
You hit Totori's ghost but do no damage.
Totori's ghost is lightly damaged.
You completely miss Totori's ghost.
Totori's ghost is lightly damaged.
You hit Totori's ghost but do no damage.
Totori's ghost is lightly damaged.
You hit Totori's ghost but do no damage.
Totori's ghost is lightly damaged.
Totori's ghost hits you!
You catch the helpless Totori's ghost completely off-guard!
You puncture Totori's ghost!
Totori's ghost is moderately damaged.
Totori's ghost hits you!
You hit Totori's ghost but do no damage.
Totori's ghost is moderately damaged.
Totori's ghost seems less confused.
Totori's ghost hits you!
You die...

...(..## ##.).## ##.##
#.# #.# ##### ###)#
##### .....# .<..#
##≈≈≈## ###.....#
########≈≈≈≈≈###W......#
##)#≈≈≈≈≈≈≈##@#
##)#...._≈≈≈##.#
#)###≈≈≈≈≈≈≈##.###.##
##.#.)≈≈≈≈≈.!.........
#.....≈≈≈.####.##.##.
#...##.##.# $#
####.........####.#
#....%.....>....#.#
..#.....#.#.....#.#


You could see Totori's ghost.

Vanquished Creatures
  An orc priest (D:3)
  Jessica (D:2)
  Terence (D:2)
  4 adders
  An ooze (D:3)
  4 dart slugs
  A leopard gecko (D:1)
  3 orcs (D:3)
  2 bats (D:2)
  3 giant cockroaches
  3 goblins
  6 hobgoblins
  4 kobolds
  2 quokkas
  4 frilled lizards
  7 rats
47 creatures vanquished.

Notes
Turn   | Place    | Note
-------+----------+-------------------------------------------
     0 | D:1      | grizmgrazm2 the Vampire Enchanter began the quest for the Orb.
     0 | D:1      | Reached XP level 1. HP: 13/13 MP: 3/3
   789 | D:1      | Reached XP level 2. HP: 13/19 MP: 3/5
   793 | D:1      | Learned a level 2 spell: Ensorcelled Hibernation
  1175 | D:2      | Noticed Jessica
  1178 | D:2      | Killed Jessica
  1178 | D:2      | Reached skill level 5 in Stealth
  1178 | D:2      | Reached skill level 5 in Hexes
  1178 | D:2      | Reached XP level 3. HP: 24/24 MP: 6/6
  1183 | D:2      | Learned a level 3 spell: Confuse
  1215 | D:2      | Noticed Terence
  1235 | D:2      | Killed Terence
  1294 | D:2      | Reached XP level 4. HP: 30/31 MP: 1/8
  3102 | D:3      | Reached XP level 5. HP: 33/36 MP: 2/9
  3107 | D:3      | Learned a level 3 spell: Tukima's Dance
  3256 | D:3      | Noticed Totori's ghost (amateur HOFi)
  3282 | D:3      | Found a blossoming altar of Fedhas.
  3292 | D:3      | Reached skill level 6 in Stealth
  3332 | D:3      | Slain by Totori's ghost

Skill      XL: |  1  2  3  4  5 |
---------------+----------------+-----
Stealth        | 5 6 |  6.2
Hexes          | 5 |  5.4
Short Blades   | 2 |  2.1
Spellcasting   | 3 |  3.0
Fighting       | |  0.6
Dodging        | |  2.6
Ice Magic      | |  0.8

Action                   |  1- 3 |  4- 6 || total
-------------------------+-------+-------++-------
Melee: Dagger            |    58 |    80 ||   138
       Bite              |     8 |     2 ||    10
 Cast: Corona            |    11 |     1 ||    12
       Ensorcelled Hiber |     5 |    20 ||    25
       Confuse           |     2 |     5 ||     7
  Use: Scroll            |     6 |     7 ||    13
       Potion            |       |     5 ||     5
 Stab: Sleeping          |     5 |    25 ||    30
       Confused          |     2 |     2 ||     4
Armor: Robe              |    13 |    17 ||    30
Dodge: Dodged            |    28 |    39 ||    67
